 Dungeon Crawl Stone Soup version 0.31-a0-8-gd14b0f4ee2 (webtiles) character file.

Game seed: 15436713789753918401

98618 Pooter the Severer (level 15, -3/196 (211) HPs)
             Began as a Minotaur Berserker on May 5, 2023.
             Was a High Priest of Trog.
             Slain by Zenata
             ... wielding a +2 lajatang
              (31 damage)
             ... on level 1 of the Elven Halls on May 7, 2023.
             The game lasted 02:21:23 (25454 turns).

Pooter the Severer (Minotaur Berserker)            Turns: 25454, Time: 02:21:23

HP:   -3/196 (211)  AC: 21    Str: 32    XL:     15   Next: 75%
MP:   14/14         EV: 10    Int: 10    God:    Trog [*****.]
Gold: 1664          SH:  5    Dex: 13    Spells: 14/14 levels left

rFire   . . .        a - +6 battleaxe "Kanam" {heavy, Int+6}
rCold   . . .        (shield currently unavailable)
rNeg    . . .        h - +2 plate armour {Will+}
rPois   .            (helmet restricted)
rElec   .            H - scarf {repulsion}
rCorr   .            d - +2 pair of gloves
SInv    .            M - +2 pair of boots {rampage}
Will    ++++.        F - amulet of reflection Stlth
                     j - +6 ring of strength
HPRegen 1.52/turn    J - +4 ring of slaying
MPRegen 0.14/turn

%: repel missiles, reflection, rampage
@: berserking, strong-willed, regenerating, drained, very quick
A: horns 2, retaliatory headbutt
a: Renounce Religion, Berserk, Trog's Hand, Brothers in Arms


You were on level 1 of the Elven Halls.
You worshipped Trog.
Trog was extremely pleased with you.
You visited 4 branches of the dungeon, and saw 23 of its levels.
You also visited: Ice Cave and Volcano.

You collected 2512 gold pieces.
You spent 848 gold pieces at shops.

Inventory:

Hand Weapons
 a - the +6 battleaxe "Kanam" (weapon) {heavy, Int+6}
   (You bought it in a shop on level 2 of the Orcish Mines)

   Int:       It affects your intelligence (+6).
 b - a +2 heavy longbow
   (You took it off a deep elf archer on level 1 of the Elven Halls)
 W - a +2 demon trident of flaming
   (You found it in a volcano)
Missiles
 y - 6 boomerangs (quivered)
 L - 5 throwing nets {!f}
 T - 7 curare-tipped darts
 Y - 7 javelins
Armour
 d - a +2 pair of gloves (worn)
   (You found it on level 1 of the Dungeon)
 h - a +2 plate armour of willpower (worn)
   (You found it on level 1 of the Elven Halls)
 p - a scarf of resistance
   (You found it on level 2 of the Dungeon)
 w - the +6 ring mail of the Evening {Str+7 Dex-3}
   (You found it on level 4 of the Dungeon)

   Str:       It affects your strength (+7).
   Dex:       It affects your dexterity (-3).
 H - a scarf of repulsion (worn)
   (You found it on level 6 of the Dungeon)
 M - a +2 pair of boots of rampaging (worn)
   (You found it on level 3 of the Lair of Beasts)
 R - the +5 ring mail of Peop {rElec rC- SInv}
   (You found it on level 10 of the Dungeon)

   rC:        It makes you vulnerable to cold.
   rElec:     It insulates you from electricity.
   SInv:      It lets you see invisible.
 U - the +4 cloak of the Fletcher {rC+}
   (You found it on level 1 of the Lair of Beasts)

   rC:        It protects you from cold.
 X - a +4 chain mail of fire resistance
   (You found it in a volcano)
Jewellery
 j - a +6 ring of strength (left hand)
   (You found it on level 2 of the Dungeon)
 l - a +4 ring of protection
   (You took it off a wight on level 7 of the Dungeon)
 B - an amulet of regeneration
   (You found it on level 4 of the Dungeon)
 F - an amulet of reflection (around neck)
   (You found it on level 1 of the Elven Halls)
 G - the ring of Doors {Wiz rN++ Stlth+}
   (You found it on level 6 of the Dungeon)

   [ring of wizardry]

   It improves your spell success rate.
   rN:        It greatly protects you from negative energy.
   Stlth:     It makes you more stealthy.
 J - a +4 ring of slaying (right hand)
   (You found it on level 1 of the Elven Halls)
 K - a ring of willpower
   (You found it on level 15 of the Dungeon)
 S - a ring of see invisible
   (You found it on level 7 of the Dungeon)
Wands
 f - a wand of flame (31)
   (You took it off a centaur on level 8 of the Dungeon)
 k - a wand of mindburst (10)
   (You found it on level 15 of the Dungeon)
 N - a wand of quicksilver (4)
   (You found it on level 9 of the Dungeon)
 O - a wand of polymorph (8)
   (You found it on level 9 of the Dungeon)
 P - a wand of roots (8)
   (You found it on level 8 of the Dungeon)
Scrolls
 c - 5 scrolls of magic mapping
 g - 4 scrolls of blinking
 i - 12 scrolls of identify {@r1}
 m - 2 scrolls of silence
 q - 2 scrolls of immolation {!r}
 t - 9 scrolls of teleportation {@r4}
 u - 2 scrolls of fear
 x - 3 scrolls of enchant armour
 A - 4 scrolls of fog
 C - 7 scrolls of noise {!r}
 I - 3 scrolls of poison {!r}
Potions
 e - a potion of haste {@q3}
 n - 12 potions of heal wounds {@q2}
 r - 15 potions of curing {@q1}
 v - 2 potions of mutation {!q}
 z - a potion of resistance
 D - 3 potions of flight
 E - a potion of cancellation
 V - a potion of invisibility
Miscellaneous
 o - a box of beasts
   (You found it on level 1 of the Lair of Beasts)
 s - a phantom mirror
   (You found it on level 13 of the Dungeon)
 Q - a tin of tremorstones (2/2)
   (You found it on level 15 of the Dungeon)
 Z - a piece from Xom's chessboard (15/15)
   (You found it on level 5 of the Lair of Beasts)


   Skills:
 + Level 15.3 Fighting
 - Level 20.0 Axes
 + Level 16.0 Ranged Weapons
 + Level 4.6 Throwing
 + Level 6.2 Armour
 + Level 5.6 Dodging
 + Level 4.0 Stealth
 + Level 8.5 Evocations


You had 14 spell levels left.
You didn't know any spells.
Your spell library was empty.

Dungeon Overview and Level Annotations

Branches:
Dungeon (15/15)            Temple (0/1) D:7            Lair (5/5) D:9
 Shoals (0/4) Lair:2        Snake (0/4) Lair:2        Slime (0/5) Lair:5
    Orc (2/2) D:11            Elf (1/3) Orc:2        Vaults (0/5) D:14
 Depths (0/4) D:15          IceCv (visited)         Volcano (visited)

Altars:
Ashenzari
Cheibriados
Dithmenos
Elyvilon
Gozag
Trog
Uskayaw
Vehumet
Wu Jian
Xom
Yredelemnul
Zin
Jiyva

Shops:
D:5 *   D:11 (   Orc:2 !(([?

Annotations:
Elf:1 Zenata


Innate Abilities, Weirdness & Mutations

You have a pair of horns on your head.
You reflexively headbutt those who attack you in melee.


Message History

You slice the fire elemental!! The fire elemental closely misses you.
You furiously retaliate!
You headbutt the fire elemental.
You destroy the fire elemental!
The fire elemental disappears in a puff of smoke!
You rampage towards the water elemental!
You completely miss the water elemental.
The water elemental hits you.
The water elemental engulfs you in water!
You slash the water elemental! You headbutt the water elemental!
Your lungs strain for air!
The water elemental hits you.
Zenata, Seeker of Sheza comes into view.
She is wielding a +2 lajatang.
You hit the water elemental. You headbutt the water elemental!
You destroy the water elemental!
Trog accepts your kill. The water engulfing you falls away.
You gasp with relief as air once again reaches your lungs.
Zenata gestures, and weapons take to the air!
Your skin crawls.
You feel strong-willed. The +5 battleaxe of freezing hits you!!
* * * LOW HITPOINT WARNING * * *
The +5 battleaxe of freezing freezes you!
* * * LOW HITPOINT WARNING * * *
A red film seems to cover your vision as you go berserk!
You feel yourself moving faster!
You feel mighty!
The +2 flail of draining closely misses you.
You block the +5 battleaxe of freezing's attack.
The +2 flail of draining hits you but does no damage.
You feel drained. The +5 battleaxe of freezing hits you!!
* * * LOW HITPOINT WARNING * * *
The +5 battleaxe of freezing freezes you!
* * * LOW HITPOINT WARNING * * *
You slice the +5 battleaxe of freezing!!
You closely miss the +2 flail of draining.
The +2 flail of draining hits you!
* * * LOW HITPOINT WARNING * * *
You feel drained.
* * * LOW HITPOINT WARNING * * *
The +5 battleaxe of freezing completely misses you.
The +2 flail of draining hits you but does no damage.
You feel drained. The +5 battleaxe of freezing hits you!
* * * LOW HITPOINT WARNING * * *
The +5 battleaxe of freezing freezes you.
* * * LOW HITPOINT WARNING * * *
The +2 flail of draining hits you.
* * * LOW HITPOINT WARNING * * *
You feel drained. Zenata hits you with a +2 lajatang!!
You die...

..§.. +..#...#####
.... +....eee.... ....
#..e.#.# #### #
#○#.#.#.#
############........
....#..$##..####..#
##(..###...........
##a((#...#.###.#.###
#..@.#.>.#.###.#.## .
#....#...#.##.....# #.
#.....###......#..# ..
#.......#...#.###.#..#
####..###..##......
... #.......#
#######.## #.####....#
.. .. .. #...... .....
.#. #....... .###


You could see Zenata and 3 dancing weapons.

Vanquished Creatures
  Asterion (Elf:1)
  A frost giant (D:15)
  A deep elf sorcerer (Elf:1)
  Azrael (D:13)
  A deep elf annihilator (Elf:1)
  Snorg (D:13)
  2 entropy weavers (Lair:4)
  7 vault guards (D:14)
  A fire dragon (Lair:5)
  Harold (D:9)
  2 catoblepae
  4 hydras
  2 centaur warriors
  5 two-headed ogres
  3 dancing weapons (Elf:1)
  6 boulder beetles
  7 tengu warriors
  10 death yaks
  6 deep elf knights (Elf:1)
  2 skysharks (Lair:5)
  A fire crab (Volcano)
  A swamp dragon (Lair:5)
  A deep elf archer (Elf:1)
  An orange crystal statue (D:10)
  3 orc knights
  Pikel (D:4)
  A lindwurm (Volcano)
  A bog body (IceCv)
  6 deep elf zephyrmancers (Elf:1)
  8 deep elf pyromancers (Elf:1)
  6 manticores
  8 ugly things
  A necromancer (IceCv)
  2 cyclopes (D:12)
  4 black mambas
  3 ice statues
  A gargoyle (D:12)
  3 molten gargoyles
  7 cane toads
  8 komodo dragons
  An efreet (D:15)
  4 anaconda simulacra (IceCv)
  5 rime drakes
  5 ice devils
  2 freezing wraiths
  An unseen horror (D:13)
  3 polar bears
  5 trolls
  2 hornets
  A wind drake (Lair:2)
  Prince Ribbit (D:9)
  8 blink frogs
  4 dream sheep (Lair:1)
  6 slime creatures (D:12)
  2 air elementals (Elf:1)
  A dire elephant simulacrum (IceCv)
  A vampire (D:11)
  3 wyverns
  A water elemental (Elf:1)
  46 yaks
  2 wraiths
  4 fire bats
  4 fire elementals (D:13)
  2 steam dragons (Volcano)
  3 basilisks
  Menkaure (D:5)
  2 wargs (Orc:1)
  4 harpy simulacra (IceCv)
  4 vampire mosquitoes
  6 acid dragons
  A hydra simulacrum (IceCv)
  Duvessa (D:7)
  11 water moccasins
  3 hell hounds
  A swamp drake (Lair:5)
  2 sky beasts
  2 black bears
  26 orc warriors
  6 ice beasts (D:15)
  11 centaurs
  14 ogres
  16 wolves
  2 phantoms
  2 gnoll sergeants
  10 bullfrogs
  An earth elemental (Elf:1)
  A scorpion (D:5)
  10 wights
  Dowan (D:7)
  2 elephant simulacra (IceCv)
  10 killer bees
  An electric eel (Lair:1)
  7 howler monkeys
  10 lava snakes
  6 hounds
  2 jellies
  10 orc priests
  A gnoll bouda (Lair:1)
  4 iguanas
  Terence (D:2)
  20 orc wizards
  5 hell rats
  A spriggan simulacrum (IceCv)
  15 gnolls
  Robin (D:4)
  A naga simulacrum (IceCv)
  6 adders
  A shadow imp (D:6)
  6 white imps
  3 ufetubi
  2 dart slugs (D:5)
  61 orcs
  2 bats (D:3)
  6 endoplasms
  4 giant cockroaches
  16 goblins
  9 hobgoblins
  8 jackals (D:2)
  3 quokkas
  9 ball pythons
  6 frilled lizards
  5 kobolds
  3 rats
  A spectral orc (D:3)
  A fire vortex (D:14)
  A spectral weapon (Elf:1)
636 creatures vanquished.

Vanquished Creatures (collateral kills)
  A vault guard (D:14)
  A two-headed ogre (D:10)
  Lodul (D:14)
  An ogre (D:14)
4 creatures vanquished.

Vanquished Creatures (others)
  An orc warrior (Orc:2)
  2 orcs (Orc:2)
  13 fungi
  38 plants
54 creatures vanquished.

Grand Total: 694 creatures vanquished

Notes
Turn   | Place    | Note
-------+----------+-------------------------------------------
     0 | D:1      | Pooter the Minotaur Berserker began the quest for the Orb.
     0 | D:1      | Reached XP level 1. HP: 19/19 MP: 0/0
   173 | D:1      | Reached skill level 4 in Axes
   176 | D:1      | Reached XP level 2. HP: 22/27 MP: 1/1
   686 | D:2      | Reached XP level 3. HP: 28/33 MP: 2/2
   692 | D:2      | Reached ** piety under Trog
   742 | D:2      | Noticed Terence
   756 | D:2      | Killed Terence
   757 | D:2      | Reached skill level 5 in Axes
   837 | D:2      | Reached XP level 4. HP: 39/41 MP: 3/3
  1274 | D:2      | Reached skill level 1 in Ranged Weapons
  1672 | D:3      | Reached XP level 5. HP: 40/47 MP: 4/4
  1678 | D:3      | Reached skill level 6 in Axes
  2138 | D:3      | Found a basalt altar of Yredelemnul.
  2215 | D:4      | Noticed a lemure
  2215 | D:4      | Noticed a lemure
  2215 | D:4      | Noticed a phantom
  2216 | D:4      | Noticed Pikel
  2276 | D:4      | Reached skill level 5 in Fighting
  2292 | D:4      | Noticed Robin
  2302 | D:4      | Killed Robin
  2314 | D:4      | Reached *** piety under Trog
  2353 | D:4      | Noticed a lemure
  2355 | D:4      | Noticed a lemure
  2358 | D:4      | Killed Pikel
  2359 | D:4      | Reached skill level 7 in Axes
  2359 | D:4      | Reached XP level 6. HP: 57/57 MP: 5/5
  2359 | D:4      | Reached XP level 7. HP: 62/62 MP: 6/6
  2505 | D:4      | Identified the +6 ring mail of the Evening {Str+7 Dex-3}
  2528 | D:4      | Reached skill level 5 in Ranged Weapons
  2560 | D:4      | Reached skill level 8 in Axes
  2663 | D:4      | Found an ornate altar of the Wu Jian Council.
  2753 | D:5      | Entered Level 5 of the Dungeon
  2867 | D:5      | Found a shimmering altar of Xom.
  2968 | D:5      | Noticed Menkaure
  2969 | D:5      | Reached XP level 8. HP: 71/71 MP: 7/7
  3010 | D:5      | Killed Menkaure
  3143 | D:5      | Found Heduupt's Assorted Antiques.
  3149 | D:5      | Bought a scroll labelled FYDAC DULAOG for 24 gold pieces
  3149 | D:5      | Bought a scroll of identify for 48 gold pieces
  3149 | D:5      | Bought a scroll labelled NAMOKK FIEWNAH for 24 gold pieces
  3149 | D:5      | Bought a fizzy yellow potion for 21 gold pieces
  3149 | D:5      | Bought a scroll labelled RIMALA JASTI for 24 gold pieces
  3149 | D:5      | Bought a scroll of identify for 48 gold pieces
  3377 | D:5      | Found a radiant altar of Vehumet.
  3540 | D:5      | Reached skill level 9 in Axes
  3748 | D:6      | Found a bloodstained altar of Trog.
  3819 | D:6      | Identified the staff of fire "Hoen" {*Corrode Fly rF+
                  | Dex+3}
  4015 | D:6      | Identified the ring of Doors {Wiz rN++ Stlth+}
  4341 | D:7      | Noticed a +0 hand axe
  4342 | D:7      | Noticed a +0 dagger
  4345 | D:7      | Found a hide-covered altar of Uskayaw.
  4369 | D:7      | Found a staircase to the Ecumenical Temple.
  4433 | D:7      | Reached skill level 10 in Axes
  4433 | D:7      | Reached XP level 9. HP: 79/79 MP: 8/8
  4480 | D:7      | Noticed Dowan
  4495 | D:7      | Killed Dowan
  4501 | D:7      | Noticed Duvessa
  4516 | D:7      | Killed Duvessa
  4994 | D:8      | Noticed a two-headed ogre
  5002 | D:8      | Killed a two-headed ogre
  5003 | D:8      | Reached skill level 11 in Axes
  5063 | D:8      | Noticed a troll
  5068 | D:8      | Killed a troll
  5682 | D:8      | Reached XP level 10. HP: 90/90 MP: 9/9
  5985 | D:8      | Reached skill level 12 in Axes
  6230 | D:9      | Noticed Harold
  6257 | D:9      | Reached skill level 10 in Ranged Weapons
  6350 | D:9      | Killed Harold
  6437 | D:9      | Found a snail-covered altar of Cheibriados.
  6438 | D:9      | Found a broken altar of Ashenzari.
  6439 | D:9      | Found a shadowy altar of Dithmenos.
  6440 | D:9      | Found a glowing silver altar of Zin.
  6508 | D:9      | Noticed Prince Ribbit
  6528 | D:9      | Killed Prince Ribbit
  7030 | D:9      | Reached skill level 13 in Axes
  7127 | D:9      | Found a staircase to the Lair.
  7378 | D:10     | Entered Level 10 of the Dungeon
  7412 | D:10     | Reached skill level 10 in Fighting
  7631 | D:10     | Reached XP level 11. HP: 99/99 MP: 10/10
  7671 | D:10     | Noticed an orange crystal statue
  7686 | D:10     | Killed an orange crystal statue
  7689 | D:10     | Identified the +5 ring mail of Peop {rElec rC- SInv}
  7913 | D:10     | Noticed a two-headed ogre
  7920 | D:10     | Killed a two-headed ogre
  8270 | D:10     | Found an opulent altar of Gozag.
  8846 | Lair:1   | Entered Level 1 of the Lair of Beasts
  8852 | Lair:1   | Reached skill level 14 in Axes
  8873 | Lair:1   | Identified the +4 cloak of the Fletcher {rC+}
  9804 | Lair:2   | Reached **** piety under Trog
  9871 | Lair:2   | Reached skill level 15 in Axes
  9892 | Lair:2   | Found a staircase to the Snake Pit.
  9894 | Lair:2   | Noticed a boulder beetle
  9907 | Lair:2   | Killed a boulder beetle
  9908 | Lair:2   | Reached skill level 1 in Evocations
  9954 | Lair:2   | Found a dark tunnel.
  9959 | Volcano  | Entered a volcano
 10074 | Volcano  | Reached XP level 12. HP: 83/110 MP: 11/11
 10102 | Volcano  | Found a bloodstained altar of Trog.
 10930 | Lair:2   | Upgraded the game from 0.31-a0-7-g51783674b7 to
                  | 0.31-a0-8-gd14b0f4ee2
 10949 | Lair:2   | Found a staircase to the Shoals.
 11475 | Lair:3   | Noticed a six-headed hydra
 11480 | Lair:3   | Noticed a death yak
 11643 | Lair:3   | Noticed a death yak
 11647 | Lair:3   | Noticed a death yak
 11649 | Lair:2   | Killed a six-headed hydra
 11652 | Lair:2   | Killed a death yak
 11701 | Lair:3   | Noticed a boulder beetle
 11701 | Lair:3   | Noticed a death yak
 11702 | Lair:3   | Noticed a death yak
 11709 | Lair:2   | Killed a death yak
 11710 | Lair:2   | Reached skill level 16 in Axes
 11710 | Lair:2   | Killed a death yak
 11774 | Lair:2   | Killed a death yak
 11783 | Lair:2   | Killed a death yak
 11806 | Lair:3   | Killed a boulder beetle
 12780 | Lair:4   | Noticed a seven-headed hydra
 12788 | Lair:4   | Killed a seven-headed hydra
 12952 | Lair:4   | Noticed Urug
 12953 | Lair:4   | Urug changed into Urug the entropy weaver
 12953 | Lair:4   | Noticed Urug
 12969 | Lair:4   | Killed Urug the entropy weaver
 12970 | Lair:4   | Reached XP level 13. HP: 118/118 MP: 12/12
 13123 | Lair:4   | Noticed Sonja
 13125 | Lair:4   | Sonja changed into Sonja the entropy weaver
 13125 | Lair:4   | Noticed Sonja
 13135 | Lair:4   | Killed Sonja the entropy weaver
 13433 | Lair:3   | Reached skill level 17 in Axes
 13433 | Lair:3   | Reached skill level 15 in Ranged Weapons
 13753 | Lair:5   | Entered Level 5 of the Lair of Beasts
 14433 | Lair:5   | Reached skill level 5 in Evocations
 14691 | Lair:5   | Found a staircase to the Slime Pits.
 14691 | Lair:5   | Found a viscous altar of Jiyva.
 14729 | Lair:5   | Identified the +10 short sword of Fortitude {flame, rElec
                  | rC+}
 16774 | Lair:5   | Reached skill level 18 in Axes
 16809 | Lair:5   | Noticed a fire dragon
 16819 | Lair:5   | Killed a fire dragon
 17326 | D:11     | Found Doruol's Antique Weapon Shoppe.
 17341 | D:11     | Identified the +6 rapier of the Fuzzy God {protect, Int+5}
 17419 | D:11     | Reached XP level 14. HP: 129/129 MP: 13/13
 17472 | D:11     | Found a staircase to the Orcish Mines.
 18124 | Orc:1    | Entered Level 1 of the Orcish Mines
 18694 | Orc:2    | Entered Level 2 of the Orcish Mines
 18915 | Orc:2    | Found a staircase to the Elven Halls.
 18922 | Orc:2    | Found Sycyicvy's Magic Scroll Boutique.
 18938 | Orc:2    | Bought a scroll of fog for 52 gold pieces
 18938 | Orc:2    | Bought a scroll of magic mapping for 97 gold pieces
 18938 | Orc:2    | Bought a scroll of blinking for 97 gold pieces
 18938 | Orc:2    | Bought a scroll of poison for 52 gold pieces
 20147 | Orc:2    | Found Rysin's Antique Weapon Emporium.
 20147 | Orc:2    | Found Rusaroj's Antique Weapon Boutique.
 20149 | Orc:2    | Found Vanaoq's Distillery.
 20151 | Orc:2    | Found Ezek's Armour Shoppe.
 20155 | Orc:2    | Bought a slimy battleaxe for 207 gold pieces
 20155 | Orc:2    | Identified the +6 battleaxe "Kanam" {heavy, Int+6} (You
                  | bought it in a shop on level 2 of the Orcish Mines)
 20160 | Orc:2    | Bought a potion of curing for 33 gold pieces
 20160 | Orc:2    | Bought a potion of curing for 33 gold pieces
 20160 | Orc:2    | Bought a potion of invisibility for 88 gold pieces
 20345 | D:12     | Found a frozen archway.
 20354 | IceCv    | Entered an ice cave
 20444 | IceCv    | Reached skill level 19 in Axes
 20560 | IceCv    | Reached ***** piety under Trog
 21833 | D:13     | Noticed Snorg
 21837 | D:13     | Killed Snorg
 21953 | D:13     | Noticed Azrael
 21963 | D:13     | Reached skill level 1 in Throwing
 21967 | D:13     | Reached skill level 1 in Stealth
 21969 | D:13     | Killed Azrael
 22638 | D:14     | Found a gate to the Vaults.
 22667 | D:14     | Reached XP level 15. HP: 53/139 MP: 14/14
 22692 | D:14     | Noticed Lodul
 22698 | D:14     | Killed Lodul
 22716 | D:14     | Reached skill level 20 in Axes
 22827 | D:14     | Identified the +12 great mace of the Extremes {pain, Str+3}
 23031 | D:14     | Found a white marble altar of Elyvilon.
 23140 | D:15     | Entered Level 15 of the Dungeon
 24038 | D:15     | Found a staircase to the Depths.
 24038 | D:15     | Noticed a frost giant
 24042 | D:15     | Killed a frost giant
 24065 | D:15     | Reached skill level 5 in Armour
 24643 | Elf:1    | Entered Level 1 of the Elven Halls
 24658 | Elf:1    | Reached skill level 15 in Fighting
 24729 | Elf:1    | Reached skill level 5 in Dodging
 24816 | Elf:1    | Identified the +1 quarterstaff of the Harvest {freeze, rC+}
 25008 | Elf:1    | Paralysed by an air elemental for 1 turns
 25011 | Elf:1    | Paralysed by an air elemental for 1 turns
 25037 | Elf:1    | Noticed a deep elf sorcerer
 25045 | Elf:1    | Killed a deep elf sorcerer
 25373 | Elf:1    | Noticed Asterion
 25378 | Elf:1    | Noticed an Executioner
 25385 | Elf:1    | Noticed an Executioner
 25385 | Elf:1    | Killed Asterion
 25449 | Elf:1    | Noticed Zenata
 25454 | Elf:1    | Slain by Zenata

Illustrated notes

Levels and vault maps discovered:
D:1:      amcnicky_arrival_feature_with_door, layout_loops_ring
D:2:      layout_basic, uniq_terence
D:3:      layout_basic, yredelemnul_forgotten_temple_becter
D:4:      layout_cave_pools, nicolae_overflow_hidden_temple, uniq_pikel,
          uniq_robin
D:5:      layout_cave_pods, mainiacjoe_overflow_concentric_impassable,
          mainiacjoe_overflow_tiny_flanked, nicolae_stop_n_shop_2,
          kennysheep_generic_room_14, uniq_menkaure
D:6:      layout_rooms, lemuel_crystal_altar
D:7:      layout_cave_pools, dancing_weapons_uskayaw, temple_pool_b,
          item_on_display_a, uniq_duvessa
D:8:      layout_basic, hangedman_decor_slide_cut,
          hangedman_abyss_or_decor_stabs
D:9:      layout_roguey, mainiacjoe_overflow_alcove_3, lair_entry_dummy,
          serial_co_window_serial, co_window_corner_a, co_window_paths_a,
          co_window_corner_a, co_window_corner_a, co_window_of_opportunity_a,
          co_window_of_opportunity_a, co_window_broadway_c,
          co_window_of_opportunity_b, co_window_corner_b, co_window_paths_e,
          co_window_paths_d, glass_columns_a, glass_columns_b, glass_columns_a,
          glass_columns_a, uniq_harold, uniq_prince_ribbit1
D:10:     layout_layer_cave, mainiacjoe_overflow_surrounded_room, minivault_15
D:11:     layout_basic, orc_0_dummy, serial_shops, shop
D:12:     layout_basic, portal_ice_cave_entry_pillars_2
D:13:     layout_irregular_city, nicolae_concentric_dashed_squares_wild,
          uniq_azrael, uniq_snorg
D:14:     layout_basic, erik_vaults_2, elyvilon_altar_3, uniq_lodul
D:15:     grunt_enter_depths_snipers, layout_irregular_city, minivault_19,
          ice2_lemuel
Lair:1:   layout_gridlike, dreamdust_gnoll_shepherd, infiniplex_staircase_pool,
          grunt_megastairs_3, lemuel_fruit_fields
Lair:2:   layout_chaotic_city, minmay_shoals_entry_beasts, dummy_snake_entry,
          nicolae_volcano_entry_s_turn, chequers_serial_rivers_room_a
Lair:3:   layout_small_grid, kennysheep_catoblepas_arena, grunt_megastairs_5,
          serial_bayou_shore_b, lemuel_fruit_tree
Lair:4:   layout_small_grid, uniq_urug, uniq_sonja
Lair:5:   guppyfry_lair_end_dragon, layout_gridlike, slime_entry_1,
          infiniplex_staircase_pool_2
Orc:1:    layout_caves, basic_altar
Orc:2:    st_orc_rangers, layout_caves, serial_shops, shop
Elf:1:    minmay_elf_arrival_summoners, layout_loops_cross,
          hangedman_elf_represent, minmay_checkered_concentric_circles,
          uniq_zenata, uniq_asterion, uniq_donald

Skill      XL: |  1  2  3  4  5  6  7  8  9 10 11 12 13 14 15 |
---------------+----------------------------------------------+-----
Axes           | 4 5 7 8 10 11 13 15 16 18 19 20 | 20.0
Fighting       | 4 5 6 7 8 10 11 12 13 14 15 | 15.3
Ranged Weapons | 1 4 5 7 9 11 13 14 16 | 16.0
Evocations     | 1 4 5 7 8 |  8.5
Throwing       | 2 4 |  4.6
Stealth        | 1 4 |  4.0
Armour         | 3 6 |  6.2
Dodging        | 3 5 |  5.6

Action                     |  1- 3 |  4- 6 |  7- 9 | 10-12 | 13-15 || total
---------------------------+-------+-------+-------+-------+-------++-------
  Melee: Hand axe          |    59 |    24 |       |       |       ||    83
         Headbutt          |     7 |     3 |    20 |    62 |    78 ||   170
         War axe           |       |    26 |   105 |       |       ||   131
         Battleaxe         |       |       |    35 |   309 |   501 ||   845
         Demon trident     |       |       |       |     5 |     7 ||    12
         Punch             |       |       |       |     1 |       ||     1
   Fire: Sling             |       |    76 |   140 |       |       ||   216
         Shortbow          |       |       |       |   132 |   470 ||   602
         Longbow           |       |       |       |       |    13 ||    13
  Throw: Throwing net      |       |       |     2 |       |       ||     2
         Dart              |       |       |     6 |       |     5 ||    11
         Boomerang         |       |       |     3 |     9 |     9 ||    21
 Invoke: Berserk           |     2 |     3 |    10 |    10 |    12 ||    37
         Trog's Hand       |       |     3 |     6 |    19 |    25 ||    53
  Evoke: Wand              |       |       |       |     4 |     4 ||     8
         Box of beasts     |       |       |       |       |     1 ||     1
         Piece from Xom's  |       |       |       |       |     2 ||     2
    Use: Scroll            |       |     7 |    11 |    13 |    14 ||    45
         Potion            |       |       |       |     3 |     4 ||     7
   Stab: Sleeping          |     1 |       |       |       |       ||     1
         Invisible         |       |       |       |       |     2 ||     2
 Armour: Animal skin       |     9 |       |       |       |       ||     9
         Scale mail        |     3 |    40 |     4 |       |       ||    47
         Ring mail         |       |       |    63 |   152 |   406 ||   621
         Plate armour      |       |       |       |       |    31 ||    31
         Chain mail        |       |       |       |       |    13 ||    13
  Dodge: Dodged            |    28 |    61 |    75 |   190 |   438 ||   792
         Repelled          |       |       |     1 |     1 |    13 ||    15
  Block: Other             |       |       |       |       |    10 ||    10
         Reflection        |       |       |       |       |     1 ||     1

Table legend: (Time is in decaauts)
 A = Elapsed time spent in this place.
 B = Non-inter-level travel time spent in this place.
 C = Inter-level travel time spent in this place.
 D = Time resting spent in this place.
 E = Time spent auto-exploring this place.
 F = Levels seen in this place.
 G = Mean time per level.
                   A        B        C        D        E       F      G
               +--------+--------+--------+--------+--------+-----+--------+
         Total |  25826 |  24836 |    990 |   6880 |  12940 |  25 | 1033.0 |
       Dungeon |  14019 |  13302 |    717 |   2286 |   8429 |  15 |  934.6 |
          Lair |   7426 |   7272 |    154 |   2982 |   3081 |   5 | 1485.2 |
  Orcish Mines |   2182 |   2064 |    118 |    953 |    683 |   2 | 1091.0 |
   Elven Halls |    823 |    823 |      0 |    376 |    207 |   1 |  823.0 |
      Ice Cave |    434 |    434 |      0 |     54 |     99 |   1 |  434.0 |
       Volcano |    940 |    940 |      0 |    227 |    441 |   1 |  940.0 |
               +--------+--------+--------+--------+--------+-----+--------+

Top non-repeatable levels by time:
  Lair:5: 3313 daAuts
    D:10: 1436 daAuts
    D:15: 1397 daAuts
     D:9: 1312 daAuts
     D:8: 1279 daAuts
   Orc:2: 1189 daAuts
  Lair:2: 1107 daAuts
    D:11: 1099 daAuts
  Lair:4: 1088 daAuts
   Orc:1: 992 daAuts
  Lair:1: 970 daAuts
     D:5: 966 daAuts
  Lair:3: 946 daAuts
 Volcano: 940 daAuts
     D:2: 845 daAuts
